 Dungeon Crawl Stone Soup version 0.30.1-11-g7821555f0a (webtiles) character file.

Game seed: 5212819255528166834

398574 mooti9 the Wrestler (level 22, -7/217 HPs)
             Began as a Ghoul Monk on Nov 25, 2023.
             Was an Initiate of Gozag.
             Mangled by a death cob (17 damage)
             ... on level 1 of the Realm of Zot.
             The game lasted 02:32:31 (46582 turns).

mooti9 the Wrestler (Ghoul Monk)                   Turns: 46582, Time: 02:32:31

Health: -7/217     AC: 40    Str: 37 (38) XL:     22   Next: 90%
Magic:  8/21       EV: 12    Int:  5 (7)  God:    Gozag
Gold:   3085       SH:  0    Dex: 16      Spells: 21/21 levels left

rFire   + +          .
                       - Unarmed
rCold   + + .        Q - +5 Storm Queen's Shield {shock, Fly rElec}
rNeg    + + +        c - +5 plate armour {rF+}
rPois   ∞            v - +2 helmet
rElec   +            A - +2 cloak
rCorr   .            p - +5 pair of gloves of Qesenele {rF+ rC+ Slay-2}
SInv    +            l - +2 pair of boots {Stlth+}
Will    +....        P - amulet of Xyvemiat {Reflect -Cast +Inv Dex+5 SH+5} Stlth
                     K - ring of Peace {Str+6 Int+2 SInv Stlth+}
HPRegen 0.00/turn    k - ring "Cyotete" {rPois Str+6}
MPRegen 0.17/turn

%: no spellcasting, reflection
@: confused, mighty, ambrosia-drunk, flying, inhibited regen, studying Maces &
Flails
A: claws 1, cold resistance 1, negative energy resistance 3, inhibited
regeneration, torment resistance 2, devour on kill
}: 3/15 runes: decaying, abyssal, gossamer
a: Renounce Religion, Evoke Invisibility, Potion Petition, Call Merchant, Bribe
Branch


You were on level 1 of the Realm of Zot.
You worshipped Gozag.
Gozag was most pleased with you.
You visited 8 branches of the dungeon, and saw 38 of its levels.
You visited the Abyss 1 time.

You collected 18369 gold pieces.
You spent 4606 gold pieces at shops.
You paid 10678 gold pieces to Gozag.

Inventory:

Missiles
 a - 6 javelins (quivered)
 x - 43 poisoned darts
Armour
 b - a +2 pair of gloves of hurling
 c - a +5 plate armour of fire resistance (worn)
 l - a +2 pair of boots of stealth (worn)
 p - the +5 pair of gloves of Qesenele (worn) {rF+ rC+ Slay-2}
   (You found it on level 3 of the Elven Halls)

   Slay:      It affects your accuracy & damage with ranged weapons and melee
   (-2).
   rF:        It protects you from fire.
   rC:        It protects you from cold.
 v - a +2 helmet (worn)
 A - a +2 cloak (worn)
 Q - the +5 Storm Queen's Shield (worn) {shock, Fly rElec}
   (You bought it in a shop on level 5 of the Lair of Beasts)

   Shock:     When it blocks an attack, it may electrocute the attacker.
   This works even against foes who are a short distance away.
   rElec:     It insulates you from electricity.
   Fly:       It grants you flight.
Jewellery
 d - the ring of Qazlal, Sheltering {Ice rCorr Str+8 Int+3 Slay-5}
   (You took it off Josephina on level 4 of the Depths)

   [ring of ice]

   It enhances your ice magic.
   Str:       It affects your strength (+8).
   Int:       It affects your intelligence (+3).
   Slay:      It affects your accuracy & damage with ranged weapons and melee
   (-5).
   rF:        It makes you vulnerable to fire.
   rC:        It protects you from cold.
   rCorr:     It protects you from acid and corrosion.
 k - the ring "Cyotete" (right hand) {rPois Str+6}
   (You bought it in a shop on level 9 of the Dungeon)

   [ring of strength]

   Str:       It affects your strength (+6).
   rPois:     It protects you from poison.
 D - the amulet "Cowozoum" {RegenMP +Inv Dex+3}
   (You took it off a deep elf zephyrmancer on level 2 of the Elven Halls)

   [amulet of magic regeneration]

   It increases your rate of magic regeneration.
   Dex:       It affects your dexterity (+3).
   +Inv:      It lets you turn invisible.
 K - the ring of Peace (left hand) {Str+6 Int+2 SInv Stlth+}
   (You bought it in a shop on level 1 of the Orcish Mines)

   [ring of strength]

   Str:       It affects your strength (+6).
   Int:       It affects your intelligence (+2).
   SInv:      It lets you see invisible.
   Stlth:     It makes you more stealthy.
 P - the amulet of Xyvemiat (around neck) {Reflect -Cast +Inv Dex+5 SH+5}
   (You acquired it on level 4 of the Lair of Beasts)

   [amulet of reflection]

   It reflects blocked missile attacks.
   Dex:       It affects your dexterity (+5).
   +Inv:      It lets you turn invisible.
   -Cast:     It prevents spellcasting.
   SH:        It affects your SH (+5).
Wands
 h - a wand of digging (8)
 r - a wand of iceblast (26)
 u - a wand of acid (8)
 w - a wand of paralysis (48)
 y - a wand of polymorph (20)
 N - a wand of flame (59)
 O - a wand of mindburst (12)
Scrolls
 e - 8 scrolls of fear
 s - 16 scrolls of teleportation
 t - a scroll of poison
 B - 3 scrolls of butterflies
 C - a scroll of brand weapon
 E - 3 scrolls of enchant weapon
 I - 2 scrolls of torment
 R - 2 scrolls of magic mapping
 S - 4 scrolls of silence
 T - 3 scrolls of fog
 Z - 4 scrolls of amnesia
Potions
 f - 22 potions of curing
 g - 5 potions of attraction
 j - 2 potions of cancellation
 m - 3 potions of resistance
 n - 7 potions of flight
 q - 9 potions of brilliance
 z - 7 potions of invisibility
 F - a potion of haste
 Y - a potion of magic
Miscellaneous
 o - a piece from Xom's chessboard (15/15)
 H - a phantom mirror (inert)
 V - a tin of tremorstones (inert)


   Skills:
 + Level 22.7 Fighting
 - Level 2.0 Throwing
 + Level 17.3 Armour
 - Level 6.4 Dodging
 * Level 18.6 Shields
 + Level 23.0 Unarmed Combat
 - Level 0.8 Evocations


You had 21 spell levels left.
You didn't know any spells.
Your spell library contained the following spells:

 Spells                   Type           Power      Damage    Failure   Level
 Apportation              Tloc           0%         N/A       93%         1
 Foxfire                  Conj/Fire      0%         2x1d4     93%         1
 Kiss of Death            Conj/Necr      0%         2d5       93%         1
 Magic Dart               Conj           0%         1d3       93%         1
 Sandblast                Erth           0%         2d4       93%         1
 Shock                    Conj/Air       0%         1d3       93%         1
 Blink                    Tloc           0%         N/A       98%         2
 Call Imp                 Summ           0%         N/A       98%         2
 Cigotuvi's Dreadful Rot  Necr/Pois/Air  0%         N/A       98%         2
 Lesser Beckoning         Tloc           0%         N/A       98%         2
 Momentum Strike          Conj/Tloc      0%         3d8       98%         2
 Passwall                 Tmut/Erth      0%         N/A       98%         2
 Scorch                   Fire           0%         2d5       98%         2
 Static Discharge         Conj/Air       0%         2-2/arc   98%         2
 Call Canine Familiar     Summ           0%         N/A       100%        3
 Confusing Touch          Hex            0%         N/A       100%        3
 Gell's Gravitas          Tloc           0%         N/A       100%        3
 Ignite Poison            Fire/Tmut/Pois 0%         N/A       100%        3
 Mephitic Cloud           Conj/Pois/Air  0%         N/A       100%        3
 Portal Projectile        Hex/Tloc       0%         N/A       100%        3
 Stone Arrow              Conj/Erth      0%         3d7       100%        3
 Swiftness                Air            0%         N/A       100%        3
 Teleport Other           Tloc           0%         N/A       100%        3
 Volatile Blastmotes      Fire/Tloc      0%         2d10      100%        3
 Airstrike                Air            0%         2d(0-16)  100%        4
 Animate Armour           Summ/Erth      0%         N/A       100%        4
 Dispel Undead            Necr           0%         3d6       100%        4
 Flame Wave               Conj/Fire      0%         2d4       100%        4
 Fulminant Prism          Conj/Hex       0%         3d5       100%        4
 Iskenderun's Mystic Bla  Conj/Tloc      0%         2d3       100%        4
 Leda's Liquefaction      Hex/Erth       0%         N/A       100%        4
 Manifold Assault         Tloc           0%         N/A       100%        4
 Petrify                  Tmut/Erth      0%         N/A       100%        4
 Sticky Flame             Conj/Fire      0%         2d3       100%        4
 Summon Lightning Spire   Summ/Air       0%         N/A       100%        4
 Alistair's Intoxication  Tmut/Pois      0%         N/A       100%        5
 Borgnjor's Vile Clutch   Necr/Erth      0%         N/A       100%        5
 Fireball                 Conj/Fire      0%         3d3       100%        5
 Irradiate                Conj/Tmut      0%         3d11      100%        5
 Iskenderun's Battlesphe  Conj           0%         2d6       100%        5
 Lee's Rapid Deconstruct  Erth           0%         3d4*      100%        5
 Conjure Ball Lightning   Conj/Air       0%         3x3d6     100%        6
 Dispersal                Tloc           0%         N/A       100%        6
 Eringya's Noxious Bog    Tmut/Pois      0%         N/A       100%        6
 Plasma Beam              Fire/Air       0%         2x1d11    100%        6
 Starburst                Conj/Fire      0%         6d3       100%        6
 Summon Cactus Giant      Summ           0%         N/A       100%        6
 Haunt                    Necr/Summ      0%         N/A       100%        7
 Malign Gateway           Summ/Tloc      0%         N/A       100%        7
 Orb of Destruction       Conj           0%         9d5       100%        7
 Summon Hydra             Summ           0%         N/A       100%        7
 Ignition                 Fire           0%         3d3       100%        8
 Infestation              Necr           0%         N/A       100%        8
 Lehudib's Crystal Spear  Conj/Erth      0%         10d2      100%        8
 Summon Horrible Things   Summ           0%         N/A       100%        8
 Sublimation of Blood     Necr           Unusable   N/A       N/A         2
 Wereblood                Tmut           Unusable   N/A       N/A         2
 Animate Dead             Necr           Unusable   N/A       N/A         4
 Blade Hands              Tmut           Unusable   N/A       N/A         5
 Dragon Form              Tmut           Unusable   N/A       N/A         7
 Storm Form               Tmut/Air       Unusable   N/A       N/A         7

Dungeon Overview and Level Annotations

Branches:
Dungeon (15/15)            Temple (0/1) D:7            Lair (5/5) D:10
  Swamp (4/4) Lair:3       Spider (4/4) Lair:3        Slime (0/5) Lair:5
    Orc (2/2) D:12            Elf (3/3) Orc:2        Vaults (0/5) D:14
 Depths (4/4) D:15            Zot (1/5) Depths:4

Altars:
Cheibriados
Dithmenos
Gozag
Hepliaklqana
Kikubaaqudgha
Nemelex Xobeh
Okawaru
Qazlal
Trog
Uskayaw
Vehumet
Xom
Jiyva

Shops:
D:1 (*   D:8 !   D:9 =[   D:12 !   D:14 *   Orc:1 *   Orc:2 [((:   Elf:1 [
Elf:2 ?   Elf:3 =   Lair:3 =   Lair:5 [   Depths:3 ?

Portals:
Hell: Depths:1 Depths:2 Depths:3 Depths:4
Abyss: Depths:2 Depths:3
Pandemonium: Depths:2
Ziggurat: Depths:2

Annotations:
D:3 1 runed translucent door, Crazy Yiuf
Spider:3 3 runed translucent doors, Jokitz's ghost, adept TrFi; Naoffob's ghost, adept GrFi; Unned's ghost, journeyman GrFi


Innate Abilities, Weirdness & Mutations

You are immune to poison.
You have sharp fingernails.
Your flesh is cold resistant. (rC+)
You are immune to negative energy. (rN+++)
You do not regenerate when monsters are visible.
You are immune to unholy pain and torment.
You thrive by killing the living.


Message History

The moth of wrath bites your butterfly.
Your butterfly dies!
Your butterfly disappears in a burst of colours!
The death cob hits your butterfly!
Your butterfly dies!
Your butterfly disappears in a burst of colours!
You reach down and open the door.
The death cob hits your butterfly!!
Your butterfly dies!
Your butterfly disappears in a burst of colours!
The death cob closely misses your butterfly.
You block the death cob's attack. The storm dragon bites your butterfly!
Your butterfly dies!
Your butterfly disappears in a burst of colours!
You block the death cob's attack. The moth of wrath bites your butterfly!
Your butterfly dies!
Your butterfly disappears in a burst of colours!
The death cob barely misses you.
There is an open door here.
The death cob attacks as you move away! You block the death cob's attack.
Your shield discharges, shocking the death cob!
The death cob hits your butterfly!!
Your butterfly dies!
Your butterfly disappears in a burst of colours!
The death cob hits your butterfly!!
Your butterfly dies!
Your butterfly disappears in a burst of colours!
The moth of wrath bites your butterfly!
Your butterfly dies!
Your butterfly disappears in a burst of colours!
You block the death cob's attack.
You are confused.
You feel invigorated.
The death cob hits you but does no damage.
The death cob completely misses you. The death cob closely misses you.
The moth of wrath barely misses your butterfly.
You bump into the rock wall.
The death cob hits you!
* * * LOW HITPOINT WARNING * * *
The death cob hits you!
You die...
Your body crumbles into a pile of gold.

#.#+###.D.dd.$DX$...
#....d.bz.8.$X8z$D8.
#####....##..*.y.X⌠z....
......y.*###bbD...z.....
######...# #.bb8.....8..
#bz.###......8!....
#zzD.b.#.b.9.......
##z###............# #@#
###......##### #.#
######## #.# #.# ..# ###


You could see an orb of fire, a storm dragon (berserk, very poisoned), a yellow
draconian (very poisoned), 4 death cobs and a moth of wrath.

Vanquished Creatures
  A juggernaut (Depths:2)
  Sojobo (Depths:4)
  Josephina (Depths:4)
  Bai Suzhen (Swamp:3)
  A caustic shrike (Depths:1)
  2 golden dragons
  2 tentacled monstrosities (Depths:2)
  Mlioglotl (Spider:2)
  3 liches
  Asterion (Spider:3)
  A walking frostbound tome (Depths:1)
  3 quicksilver dragons
  7 deep elf blademasters
  2 deep elf master archers (Elf:3)
  A thorn hunter (Abyss:3)
  A sphinx (Depths:3)
  Gastronok (D:8)
  Donald (Spider:3)
  A fenstrider witch (Swamp:4)
  2 shadow dragons (Depths:3)
  2 storm dragons
  6 tengu reavers
  8 fire giants
  11 deep elf sorcerers
  An iron dragon (Depths:4)
  2 frost giants
  Louise (Elf:2)
  9 emperor scorpions
  A draconian shifter (Depths:4)
  A balrug (Depths:2)
  A draconian scorcher (Zot:1)
  Aizul (Spider:3)
  6 ghost moths
  A draconian annihilator (Zot:1)
  A quicksilver ooze (shapeshifter) (Depths:1)
  4 deep elf elementalists (Elf:3)
  A draconian stormcaller (Depths:4)
  9 stone giants
  28 very ugly things
  4 deep elf demonologists
  A black draconian (Depths:4)
  2 vampire knights
  5 bunyips
  2 eleionomae
  4 yellow draconians
  5 deep elf annihilators (Elf:3)
  2 dire elephants
  A purple draconian (Zot:1)
  A white draconian (Depths:4)
  7 spark wasps
  7 fire dragons
  11 ettins
  8 deep elf death magi
  An entropy weaver (Spider:3)
  3 deep elf high priests
  A shambling mangrove (Abyss:3)
  3 catoblepae
  4 rakshasas
  9 ice dragons
  2 radroaches (Spider:2)
  2 spriggan air magi (Depths:2)
  A ghost crab (Swamp:3)
  3 jorogumos
  6 centaur warriors
  3 ogre magi
  9 deep troll shamans
  21 hydras
  2 satyrs (Abyss:3)
  12 boulder beetles
  28 dancing weapons
  3 deep troll earth magi
  4 tengu warriors
  7 alligators
  11 death yaks
  15 two-headed ogres
  2 orc high priests
  A vampire mage (Depths:1)
  2 spriggan berserkers (Depths:2)
  12 spriggans
  11 hell knights
  19 deep elf knights
  8 iron trolls
  Amaemon (Lair:1)
  A sun demon (Depths:1)
  A sun moth (Spider:1)
  4 pharaoh ants
  A salamander mystic (Depths:1)
  A skyshark (Lair:4)
  A sixfirhy (Abyss:3)
  2 goliath frogs
  6 orb spiders
  2 spriggan druids
  22 deep trolls
  4 wizards
  8 bog bodies
  21 deep elf archers
  30 deep elf zephyrmancers
  Pikel (D:4)
  4 glowing orange brains
  17 swamp dragons
  A lindwurm (Lair:5)
  10 steelbarb worms
  2 orc knights
  3 necromancers
  20 wolf spiders
  2 phantasmal warriors (Depths:1)
  37 deep elf pyromancers
  8 moths of wrath
  5 will-o-the-wisps
  6 cyclopes
  31 ugly things
  An elephant (shapeshifter) (Spider:1)
  An oklob plant (D:10)
  6 manticores
  5 salamanders
  2 water nymphs (Abyss:3)
  3 worldbinders (Abyss:3)
  3 molten gargoyles
  10 black mambas
  14 elephants
  An orange demon (Lair:1)
  6 demonic crawlers
  An apocalypse crab (Abyss:3)
  2 titan simulacra (Depths:4)
  A storm dragon simulacrum (Depths:4)
  7 torpor snails
  4 smoke demons
  2 gargoyles (D:10)
  Psyche (D:9)
  8 cane toads
  A kobold demonologist (D:13)
  13 komodo dragons
  3 tengu conjurers
  A freezing wraith (D:15)
  An ancient zyme (Abyss:3)
  10 hornets
  A meliai (shapeshifter) (D:14)
  3 meliai (D:15)
  16 trolls
  A wolf spider simulacrum (D:15)
  Prince Ribbit (D:5)
  A shadow dragon simulacrum (Depths:4)
  8 tyrant leeches
  29 tarantellas
  21 blink frogs
  Sigmund (D:5)
  25 culicivoras
  A centaur simulacrum (D:14)
  3 slime creatures
  41 jumping spiders
  5 wraiths
  10 wyverns
  A shapeshifter (D:11)
  2 air elementals
  9 water elementals
  A vampire (D:12)
  44 yaks
  2 shadows (D:10)
  8 fire bats (Depths:1)
  3 fire elementals
  7 basilisks
  53 redbacks
  5 steam dragons
  12 vampire mosquitoes
  Menkaure (D:6)
  3 wargs
  Duvessa (D:5)
  3 large abominations
  13 swamp worms
  19 water moccasins
  A floating eye (Depths:4)
  4 hell hounds (Lair:5)
  19 orc warriors
  5 black bears
  10 swamp drakes
  A sky beast (D:4)
  8 wolves
  22 ogres
  4 centaurs
  5 phantoms
  6 elf zombies (Elf:1)
  A bullfrog (shapeshifter) (Depths:2)
  5 kobold brigands
  Blork the orc (D:6)
  3 gnoll sergeants
  14 bullfrogs
  17 jellies
  4 earth elementals
  A scorpion (D:6)
  5 wights (D:6)
  Dowan (D:5)
  11 killer bees
  7 howler monkeys
  6 lava snakes
  5 electric eels
  2 hounds (D:6)
  A gnoll bouda (D:5)
  14 orc priests
  8 iguanas
  2 sleepcaps (D:6)
  14 orc wizards
  Ijyb (D:3)
  Robin (D:3)
  7 adders
  16 gnolls
  4 river rats (D:6)
  2 shadow imps
  A white imp (D:8)
  A worm (D:4)
  5 dart slugs
  64 orcs
  3 ball pythons
  14 endoplasms
  3 giant cockroaches
  8 goblins
  11 hobgoblins
  2 jackals (D:1)
  9 kobolds
  3 quokkas
  5 bats
  6 frilled lizards
  5 rats
1484 creatures vanquished.

Vanquished Creatures (collateral kills)
  the Lernaean hydra (Swamp:4)
  A hydra (Swamp:4)
  A jorogumo (Spider:3)
  2 swamp dragons (Swamp:4)
  A redback (Spider:3)
  2 iguanas (D:10)
  A butterfly (Lair:2)
9 creatures vanquished.

Vanquished Creatures (others)
  A spriggan berserker (Swamp:4)
  A deep elf zephyrmancer (Elf:3)
  A swamp worm (Swamp:3)
  2 orc wizards
  19 foxfires
  6 starspawn tentacles (Abyss:3)
30 creatures vanquished.

Grand Total: 1523 creatures vanquished

Notes
Turn   | Place    | Note
-------+----------+-------------------------------------------
     0 | D:1      | mooti9 the Ghoul Monk began the quest for the Orb.
     0 | D:1      | Reached XP level 1. HP: 19/19 MP: 0/0
   169 | D:1      | Reached XP level 2. HP: 26/26 MP: 1/1
   257 | D:1      | Reached skill level 4 in Unarmed Combat
   439 | D:1      | Found Huyfof's Weapon Shoppe.
   629 | D:1      | Reached XP level 3. HP: 31/31 MP: 2/2
  1419 | D:2      | Reached skill level 5 in Unarmed Combat
  1716 | D:3      | Reached XP level 4. HP: 37/38 MP: 3/3
  2102 | D:3      | Noticed Robin
  2126 | D:3      | Killed Robin
  2324 | D:3      | Noticed Ijyb
  2336 | D:3      | Killed Ijyb
  2337 | D:3      | Reached skill level 6 in Unarmed Combat
  2337 | D:3      | Reached XP level 5. HP: 45/45 MP: 4/4
  2447 | D:3      | Found a runed translucent door.
  2448 | D:3      | Noticed Crazy Yiuf
  2847 | D:4      | Noticed a sky beast
  3041 | D:4      | Killed a sky beast
  3042 | D:4      | Reached skill level 7 in Unarmed Combat
  3042 | D:4      | Reached XP level 6. HP: 44/51 MP: 5/5
  3444 | D:4      | Reached skill level 8 in Unarmed Combat
  3570 | D:4      | Reached XP level 7. HP: 57/57 MP: 6/6
  3962 | D:5      | Entered Level 5 of the Dungeon
  3962 | D:5      | Noticed Pikel
  3972 | D:4      | Killed Pikel
  3973 | D:4      | Reached skill level 10 in Unarmed Combat
  3973 | D:4      | Reached XP level 8. HP: 48/63 MP: 7/7
  4189 | D:5      | Noticed Sigmund
  4197 | D:5      | Killed Sigmund
  4198 | D:5      | Reached skill level 11 in Unarmed Combat
  4312 | D:5      | Noticed Dowan
  4312 | D:5      | Noticed Duvessa
  4327 | D:5      | Killed Duvessa
  4481 | D:5      | Killed Dowan
  4482 | D:5      | Reached skill level 12 in Unarmed Combat
  4523 | D:5      | Found a shadowy altar of Dithmenos.
  4532 | D:5      | Noticed Prince Ribbit
  4547 | D:5      | Killed Prince Ribbit
  4548 | D:5      | Reached XP level 9. HP: 55/70 MP: 8/8
  5122 | D:6      | Noticed Blork the orc
  5140 | D:6      | Killed Blork the orc
  5141 | D:6      | Reached skill level 13 in Unarmed Combat
  5620 | D:6      | Found an opulent altar of Gozag.
  5655 | D:6      | Became a worshipper of Gozag Ym Sagoz the Greedy
  5728 | D:6      | Noticed a troll
  5733 | D:6      | Killed a troll
  5734 | D:6      | Reached skill level 14 in Unarmed Combat
  5920 | D:6      | Noticed Menkaure
  5927 | D:6      | Killed Menkaure
  6009 | D:6      | Found a snail-covered altar of Cheibriados.
  6077 | D:6      | Found a shimmering altar of Xom.
  6077 | D:6      | Found a hide-covered altar of Uskayaw.
  6473 | D:7      | Reached XP level 10. HP: 76/77 MP: 9/9
  6476 | D:7      | Reached skill level 15 in Unarmed Combat
  6587 | D:7      | Found a staircase to the Ecumenical Temple.
  6802 | D:7      | Found a hazy altar of Hepliaklqana.
  6880 | D:7      | Reached skill level 1 in Armour
  7302 | D:8      | Reached skill level 16 in Unarmed Combat
  7442 | D:8      | Noticed Gastronok
  7472 | D:8      | Killed Gastronok
  7473 | D:8      | Reached XP level 11. HP: 54/83 MP: 10/10
  7532 | D:8      | Reached skill level 17 in Unarmed Combat
  7651 | D:8      | Found an ancient bone altar of Kikubaaqudgha.
  7941 | D:8      | Bought a potion of curing for 33 gold pieces
  7941 | D:8      | Bought a potion of mutation for 88 gold pieces
  7941 | D:8      | Bought a potion of mutation for 88 gold pieces
  7941 | D:8      | Bought a potion of might for 44 gold pieces
  7941 | D:8      | Bought 2 potions of curing for 66 gold pieces
  8128 | D:9      | Identified the +0 chain mail "Ziusac" {rF+}
  8356 | D:9      | Noticed a two-headed ogre
  8362 | D:9      | Killed a two-headed ogre
  8363 | D:9      | Reached skill level 5 in Dodging
  8389 | D:9      | Found a sparkling altar of Nemelex Xobeh.
  8389 | D:9      | Noticed Psyche
  8397 | D:9      | Killed Psyche
  8473 | D:8      | Bought a potion of curing for 33 gold pieces
  8654 | D:9      | Noticed a centaur warrior
  8654 | D:9      | Noticed a centaur warrior
  8654 | D:9      | Noticed a brown ugly thing
  8655 | D:9      | Noticed a cyclops
  8655 | D:9      | Noticed a six-headed hydra
  8665 | D:9      | Noticed a cyclops
  8676 | D:9      | Noticed a centaur warrior
  8740 | D:9      | Found Soejaimee's One-of-a-Kind Rings.
  8907 | D:10     | Entered Level 10 of the Dungeon
  8929 | D:10     | Found a radiant altar of Vehumet.
  8939 | D:10     | Noticed a two-headed ogre
  8957 | D:10     | Killed a two-headed ogre
  9067 | D:10     | Found a bloodstained altar of Trog.
  9110 | D:10     | Found a staircase to the Lair.
  9115 | D:10     | Noticed an oklob plant
  9129 | D:10     | Noticed a two-headed ogre
  9143 | D:10     | Killed a two-headed ogre
  9144 | D:10     | Reached skill level 1 in Throwing
  9384 | D:10     | Found a runed translucent door.
  9538 | D:10     | Reached skill level 18 in Unarmed Combat
  9748 | D:10     | Found a runed translucent door.
  9926 | D:10     | Noticed a white ugly thing
  9939 | D:10     | Killed a white ugly thing
  9940 | D:10     | Reached XP level 12. HP: 74/92 MP: 11/11
 10021 | D:10     | Noticed a centaur warrior
 10029 | D:10     | Killed a centaur warrior
 10064 | D:10     | Reached skill level 5 in Armour
 10308 | D:10     | Identified the +2 ring mail of Fygulu Ruuf {Harm rPois
                  | Will+ Str+2}
 10417 | D:9      | Bought the ring "Cyotete" {rPois Str+6} for 566 gold pieces
 10558 | D:11     | Noticed a two-headed ogre
 10969 | D:11     | Reached skill level 5 in Fighting
 11124 | D:11     | Killed a two-headed ogre
 12101 | D:12     | Reached XP level 13. HP: 108/108 MP: 12/12
 12741 | D:12     | Found a staircase to the Orcish Mines.
 13063 | Orc:1    | Entered Level 1 of the Orcish Mines
 13308 | Orc:1    | Reached skill level 10 in Fighting
 13331 | Orc:1    | Found Gibrasash's Assorted Antiques.
 13367 | Orc:1    | Bought a potion of curing for 63 gold pieces
 13367 | Orc:1    | Bought a scroll of enchant armour for 157 gold pieces
 13367 | Orc:1    | Bought a slimy bone ring for 105 gold pieces
 13367 | Orc:1    | Identified the ring of Peace {Str+6 Int+2 SInv Stlth+} (You
                  | bought it in a shop on level 1 of the Orcish Mines)
 13431 | Orc:1    | You fall into a shaft and drop 1 floor!
 13431 | Orc:2    | Entered Level 2 of the Orcish Mines
 13431 | Orc:2    | Found Noxtiqux's Book Shoppe.
 13439 | Orc:2    | Noticed an ettin
 14150 | Orc:2    | Paralysed by an ogre mage for 4 turns
 14539 | Orc:2    | Killed an ettin
 14583 | Orc:2    | Found Abyof's Weapon Boutique.
 14627 | Orc:2    | Found Umecsic's Armour Shoppe.
 14627 | Orc:2    | Found Ixipsu's Antique Weapon Emporium.
 14751 | Orc:1    | Reached XP level 14. HP: 78/127 MP: 13/13
 14983 | D:9      | Bought a runed plate armour for 1014 gold pieces
 15179 | Orc:2    | Found a staircase to the Elven Halls.
 15912 | Lair:1   | Entered Level 1 of the Lair of Beasts
 16339 | Lair:1   | Noticed Amaemon
 16352 | Lair:1   | Killed Amaemon
 16957 | Lair:2   | Found a sparkling altar of Nemelex Xobeh.
 17927 | D:8      | Bought a potion of haste for 110 gold pieces
 18056 | Orc:1    | Bought a wand of iceblast (2) for 100 gold pieces
 18296 | Lair:3   | Found a hole to the Spider Nest.
 18486 | Lair:3   | Reached skill level 10 in Armour
 18971 | Lair:3   | Reached skill level 15 in Fighting
 19130 | Lair:3   | Found a staircase to the Swamp.
 19559 | Lair:4   | Found a frozen archway.
 20034 | Lair:4   | Reached XP level 15. HP: 132/143 MP: 14/14
 21097 | Lair:4   | Identified a scroll of acquirement
 21098 | Lair:4   | Acquired the amulet of Xyvemiat {Reflect -Cast +Inv Dex+5
                  | SH+5}
 21603 | Lair:5   | Entered Level 5 of the Lair of Beasts
 21781 | Lair:5   | Found a large runed translucent door.
 21955 | Lair:5   | Bought the +5 Storm Queen's Shield {shock, Fly rElec} for
                  | 547 gold pieces
 21955 | Lair:5   | Found the +5 Storm Queen's Shield {shock, Fly rElec}
 22057 | Lair:5   | Found a large runed translucent door.
 22132 | Lair:5   | Found a staircase to the Slime Pits.
 22132 | Lair:5   | Found a viscous altar of Jiyva.
 22140 | Lair:5   | Reached skill level 1 in Shields
 22253 | Lair:5   | Identified the +0 robe "Maacve Moeti" {Dex+3}
 23046 | Lair:5   | Identified the +3 flail of the Eye-covered God {spect, rN++
                  | Int+5}
 23521 | Swamp:1  | Entered Level 1 of the Swamp
 23824 | Swamp:1  | Reached XP level 16. HP: 157/157 MP: 15/15
 24307 | Swamp:2  | Reached skill level 5 in Shields
 24787 | Swamp:2  | Identified the +0 leather armour of the Wheelwright {Will+
                  | Int-4 SInv}
 25172 | Swamp:3  | Noticed Bai Suzhen
 25427 | Swamp:3  | Killed Bai Suzhen
 25846 | Swamp:4  | Entered Level 4 of the Swamp
 25959 | Swamp:4  | Noticed a fenstrider witch
 26677 | Swamp:4  | Killed a fenstrider witch
 26812 | Swamp:4  | Noticed the 27-headed Lernaean hydra
 27064 | D:12     | Bought a potion of might for 72 gold pieces
 27064 | D:12     | Bought a potion of might for 72 gold pieces
 27064 | D:12     | Bought a potion of heal wounds for 90 gold pieces
 27064 | D:12     | Bought a potion of might for 72 gold pieces
 27064 | D:12     | Bought a potion of curing for 54 gold pieces
 27216 | D:13     | Reached skill level 19 in Unarmed Combat
 27222 | D:13     | Identified the +2 leather armour "Qedal" {Will+ rCorr
                  | Stlth+}
 27508 | D:13     | Reached XP level 17. HP: 166/166 MP: 16/16
 27849 | D:14     | Found Geocleug's Assorted Antiques.
 27859 | D:14     | Found an iron altar of Okawaru.
 27978 | D:14     | Found a gate leading to a gauntlet.
 28385 | D:14     | Found a gate to the Vaults.
 28571 | D:15     | Entered Level 15 of the Dungeon
 28693 | D:15     | Found a staircase to the Depths.
 29644 | Swamp:4  | Killed the 27-headed Lernaean hydra
 29645 | Swamp:4  | Reached skill level 10 in Shields
 29857 | Swamp:4  | Got a decaying rune of Zot
 30174 | Elf:1    | Entered Level 1 of the Elven Halls
 31269 | Elf:1    | Reached XP level 18. HP: 161/176 MP: 17/17
 31317 | Elf:1    | Acquired 752 gold pieces
 32579 | Elf:2    | Noticed Louise
 32613 | Elf:2    | Killed Louise
 32806 | Elf:2    | Found Cutapnuw's Magic Scroll Emporium.
 32815 | Elf:2    | Bought a scroll of teleportation for 51 gold pieces
 32815 | Elf:2    | Bought a scroll of teleportation for 51 gold pieces
 32885 | Elf:2    | Reached skill level 20 in Unarmed Combat
 32924 | Elf:2    | Paralysed by an air elemental for 1 turns
 33125 | Elf:2    | Identified the amulet "Cowozoum" {RegenMP +Inv Dex+3}
 33147 | Elf:2    | Found a runed translucent gate.
 33162 | Elf:2    | Found a runed translucent gate.
 33162 | Elf:2    | Found a runed translucent gate.
 33304 | Elf:2    | Identified the ring "Oludwo" {Wiz Will+}
 33447 | Elf:2    | Noticed a deep elf blademaster
 33456 | Elf:2    | Killed a deep elf blademaster
 34081 | Elf:3    | Entered Level 3 of the Elven Halls
 34349 | Elf:3    | Reached XP level 19. HP: 185/185 MP: 18/18
 34901 | Elf:3    | Identified the +11 battleaxe of Burning Tenacity {drain,
                  | rF+ MP+9 Int+3 Dex-3}
 34901 | Elf:3    | Identified the +1 leather armour of Zin's Righteous Anger
                  | {Dex+5}
 35140 | Abyss:3  | Cast into level 3 of the Abyss (a deep elf sorcerer)
 35330 | Abyss:3  | Got an abyssal rune of Zot
 35357 | Elf:3    | Escaped the Abyss
 35405 | Elf:3    | Reached skill level 15 in Armour
 35800 | Elf:3    | Identified the +1 robe "Zybosuix" {Regen+}
 35805 | Elf:3    | Identified the +4 spear of Isepn {heavy, rC+ rN+ Str+2
                  | Int+2}
 35822 | Elf:3    | Got the Omnibus of Silt and Ceraunoscopy
 35827 | Elf:3    | Identified the staff of air "Guteygon" {rElec Str+4}
 35851 | Elf:3    | Identified the +5 pair of gloves of Qesenele {rF+ rC+
                  | Slay-2}
 36467 | Spider:1 | Entered Level 1 of the Spider Nest
 36890 | Spider:1 | Reached skill level 21 in Unarmed Combat
 37424 | Spider:2 | Reached XP level 20. HP: 195/195 MP: 19/19
 37875 | Spider:2 | Noticed Mlioglotl
 37884 | Spider:2 | Killed Mlioglotl
 38606 | Spider:3 | Noticed Asterion
 38611 | Spider:3 | Noticed Aizul
 38656 | Spider:3 | Found a runed translucent gate.
 38656 | Spider:3 | Found a runed translucent gate.
 38656 | Spider:3 | Found a runed translucent gate.
 38694 | Spider:3 | Reached skill level 15 in Shields
 38730 | Spider:3 | Killed Aizul
 38756 | Spider:3 | Killed Asterion
 39118 | Spider:3 | Noticed Donald
 39137 | Spider:3 | Killed Donald
 39434 | Spider:3 | Noticed Naoffob's ghost (adept GrFi)
 39435 | Spider:3 | Noticed Unned's ghost (journeyman GrFi)
 39435 | Spider:3 | Noticed Jokitz's ghost (adept TrFi)
 39487 | Spider:4 | Entered Level 4 of the Spider Nest
 40388 | Spider:4 | Got a gossamer rune of Zot
 40799 | D:1      | Bought a potion of curing for 72 gold pieces
 40799 | D:1      | Bought a potion of curing for 72 gold pieces
 40799 | D:1      | Bought a wand of iceblast (4) for 230 gold pieces
 41055 | Depths:1 | Entered Level 1 of the Depths
 41224 | Depths:1 | Found a stormy altar of Qazlal.
 41304 | Depths:1 | Reached XP level 21. HP: 181/205 MP: 20/20
 41531 | Depths:1 | Noticed a caustic shrike
 41653 | Depths:1 | Found a gateway to Hell.
 41686 | Depths:1 | Killed a caustic shrike
 42024 | Depths:1 | Identified the +0 scale mail of the Snail {Dex+4}
 42030 | Depths:1 | Identified the staff of poison "Imeuruaf" {rPois Will+
                  | Int+5}
 42281 | Depths:2 | Noticed a juggernaut
 42294 | Depths:2 | Killed a juggernaut
 42302 | Depths:2 | Reached skill level 22 in Unarmed Combat
 42371 | Depths:2 | Identified the +6 halberd of Bodily Harmony {heavy, rElec
                  | rPois rN+++ Dex-4}
 42376 | Depths:2 | Identified the +0 ring mail of Ru's Envy {rCorr Str+2}
 42377 | Depths:2 | Identified the +3 short sword of Massacring {distort, rC+
                  | Dex+2 Stlth+}
 42603 | Depths:2 | Found a one-way gate leading to the halls of Pandemonium.
 42654 | Depths:2 | Found a one-way gate to the infinite horrors of the Abyss.
 42816 | Depths:2 | Identified the +5 long sword of Ancient Evil {flame, +Blink
                  | rF+ Will+}
 42927 | Depths:2 | Found a one-way gateway to a ziggurat.
 43416 | Depths:3 | Noticed a golden dragon
 43429 | Depths:3 | Killed a golden dragon
 43666 | Depths:3 | Reached XP level 22. HP: 215/215 MP: 21/21
 43790 | Depths:3 | Found Asycase's Magic Scroll Shoppe.
 43879 | Depths:3 | Bought a scroll of teleportation for 72 gold pieces
 43879 | Depths:3 | Bought a scroll of silence for 228 gold pieces
 43879 | Depths:3 | Bought a scroll of fog for 96 gold pieces
 43879 | Depths:3 | Bought a scroll of butterflies for 96 gold pieces
 43879 | Depths:3 | Bought a scroll of teleportation for 72 gold pieces
 43879 | Depths:3 | Bought a scroll of butterflies for 96 gold pieces
 43879 | Depths:3 | Bought a scroll of poison for 96 gold pieces
 43879 | Depths:3 | Identified the +3 ring mail of Ysidd {rCorr Int-3 Dex+4
                  | SInv}
 44781 | Depths:4 | Entered Level 4 of the Depths
 44930 | Depths:4 | Noticed a golden dragon
 44944 | Depths:4 | Killed a golden dragon
 45002 | Depths:4 | Found a gate to the Realm of Zot.
 45384 | Depths:4 | Noticed Sojobo
 45387 | Depths:4 | Paralysed by an air elemental for 1 turns
 45393 | Depths:4 | Paralysed by an air elemental for 1 turns
 45398 | Depths:4 | Paralysed by an air elemental for 1 turns
 45401 | Depths:4 | Paralysed by an air elemental for 1 turns
 45404 | Depths:4 | Paralysed by an air elemental for 1 turns
 45428 | Depths:4 | Killed Sojobo
 45431 | Depths:4 | Paralysed by a floating eye for 3 turns
 46084 | Depths:4 | Identified the staff of cold "Adojom Beext" {rC+ Int+3}
 46084 | Depths:4 | Identified the ring of Qazlal, Sheltering {Ice rCorr Str+8
                  | Int+3 Slay-5}
 46084 | Depths:4 | Noticed Josephina
 46101 | Depths:4 | Killed Josephina
 46540 | Zot:1    | Entered Level 1 of the Realm of Zot
 46540 | Zot:1    | Noticed a golden dragon
 46540 | Zot:1    | Noticed a golden dragon
 46540 | Zot:1    | Noticed an orb of fire
 46569 | Zot:1    | HP: 9/217 [golden dragon (3)]
 46571 | Zot:1    | Reached skill level 23 in Unarmed Combat
 46582 | Zot:1    | HP: 10/217 [death cob (14)]
 46582 | Zot:1    | Mangled by a death cob

Illustrated notes

Levels and vault maps discovered:
D:1:      sevenhm_arrival_forest_fort_small_3, layout_basic, serial_shops,
          nicolae_shop_stone
D:2:      layout_basic, minmay_liquid_box
D:3:      layout_loops_corners, uniq_crazy_yiuf_cottage, uniq_robin, uniq_ijyb
D:4:      layout_gridville, grunt_ministairs_1, grunt_decor_arrowhead,
          minmay_fractal_squares_5
D:5:      layout_cave_pods, lemuel_tele_altar, nicolae_dithmenos_shadow_blocks,
          uniq_pikel, uniq_duvessa, uniq_sigmund, uniq_prince_ribbit1
D:6:      wad_woods_stonehenge, layout_basic, mainiacjoe_overflow_alcove_2,
          nicolae_overflow_two_pavilions, mainiacjoe_overflow_cross_hatched,
          minmay_misc_feat_chi, kennysheep_opposing_triangles,
          uniq_blork_the_orc, uniq_menkaure
D:7:      layout_gridville, mainiacjoe_overflow_surrounded_room, temple_statues,
          minmay_statues_item
D:8:      layout_cave_pools, kiku_gazebo_pond_becter, minmay_joined_circles,
          uniq_gastronok
D:9:      layout_basic, nemelex_spade_bored_becter, serial_bayou_ford_a,
          hangedman_glass_teeth, nicolae_shop_unique_rings, minivault_12,
          uniq_psyche
D:10:     cheibrodos_histonic, layout_loops_ring, nicolae_vehumet_radiance,
          amcnicky_altar_gilded, lemuel_crystal_altar, dpeg_oklobed_lair,
          minmay_lizard_king
D:11:     layout_basic, serial_curves, eino_curves_02, eino_curves_04,
          eino_curves_01, elves_outpost_lemuel
D:12:     layout_roguey, hiddenorc1_lemuel
D:13:     layout_long_grid, kennysheep_cross_bottleneck
D:14:     minmay_chambers_of_sevens, layout_rooms, david_vaults_2,
          gauntlet_entry_generic, serial_shops, shop, okawaru_gym_becter,
          item_on_display_a
D:15:     hangedman_depths_entry_try_elsewhere_first, layout_basic,
          minmay_misc_feat_tiny, grunt_decor_junction
Lair:1:   layout_chaotic_city, uniq_amaemon
Lair:2:   layout_misc_corridors, basic_altar, lemuel_fruit_fields,
          lemuel_fruit_tree, serial_bayou_shore_a
Lair:3:   layout_cave_pods, skrybe_swamp_entry_bodies, spider_nest_entry_rubble,
          beast_lair_carwin_1
Lair:4:   nzn_winding_woodlands_huge [nzn_winding_woodlands_5x15_river_crossing,
          nzn_winding_woodlands_5x15_default, nzn_winding_woodlands_5x15_parted,
          nzn_winding_woodlands_5x15_lazy_stream,
          nzn_winding_woodlands_5x15_concentric,
          nzn_winding_woodlands_5x15_crooked,
          nzn_winding_woodlands_5x15_split_checker,
          nzn_winding_woodlands_5x15_cabin, nzn_winding_woodlands_5x15_jagged,
          nzn_winding_woodlands_5x15_pockets,
          nzn_winding_woodlands_center_garden,
          nzn_winding_woodlands_center_triple_pond,
          nzn_winding_woodlands_15x15_eel_pit], layout_long_grid,
          portal_ice_cave_entry_pillars_1, minmay_hedge_maze,
          beast_lair_carwin_9
Lair:5:   cheibrodos_lair_end_hotspot, layout_misc_corridors,
          minmay_slime_entry_jelly_boxes, hangedman_lair_generics_rect
Swamp:1:  layout_basic_swamp, evilmike_swamp_ruin_rubble_1,
          nicolae_swamp_little_swirl, infiniplex_staircase_pool
Swamp:2:  layout_falls_marsh, nicolae_swamp_ascending_descending_big,
          swamp_pool4, infiniplex_staircase_pool_2
Swamp:3:  layout_falls_marsh, evilmike_swamp_ruin_house_5, swamp_pool1,
          uniq_bai_suzhen
Swamp:4:  swamp_old_school, layout_basic_swamp, nicolae_swamp_round_clearing,
          swamp_pool2, cheibrodos_swamp_witchery
Spider:1: layout_spider_delve, hellmonk_deceptive_appearances
Spider:2: layout_spider_delve, hangedman_stitches_earthworm, uniq_mlioglotl
Spider:3: layout_spider_delve, gammafunk_ghost_cemetery, uniq_asterion,
          uniq_aizul, uniq_donald
Spider:4: grunt_spider_rune_circles
Orc:1:    layout_diamond_mine, serial_shops, shop
Orc:2:    st_orc_open, layout_caves, basic_altar, kennysheep_orc_chapel
Elf:1:    minmay_elf_arrival_summoners, layout_gridlike,
          hangedman_corner_corridor, nicolae_elf_big_sculpture_3, hex_tiny,
          minmay_elf_necromancy
Elf:2:    nicolae_elf_blades_crystal_corner, layout_geoelf_grid, serial_shops,
          shop_statue, uniq_louise
Elf:3:    minmay_elf_hall_statues, layout_gridlike, statue_in_the_mist_lemuel
Depths:1: minmay_mutant_horseshoe, layout_cave_pools, hangedman_geh_valley,
          chequers_serial_rivers_large_a, kennysheep_cluttered_room,
          chequers_serial_rivers_small_3, nicolae_qazlal_general_emergency,
          serial_bayou_shore_b, firewood_loft
Depths:2: minmay_the_grid_octo_triangle [minmay_the_grid_octo_empty,
          minmay_the_grid_octo_prize_star, minmay_the_grid_octo_clover_2],
          layout_basic, enter_ziggurat_b, lightli_too_deep, pan_entry,
          minmay_misc_feat_nine_boxes, abyss_entry
Depths:3: lemuel_troll_bridge, layout_basic, grunt_decor_one_mirror,
          serial_shops, nicolae_stop_n_shop_1, abyss_entry, hell_entry
Depths:4: evilmike_zot_entry_round, layout_cave_pools, pf_hell_entry_tar_spiral,
          uniq_sojobo, uniq_josephina
Zot:1:    layout_basic, evilmike_ambush [evilmike_ambush_outer_basic,
          evilmike_ambush_inner_basic]

Skill      XL: |  1  2  3  4  5  6  7  8  9 10 11 12 13 14 15 16 17 18 19 20 21 22 |
---------------+-------------------------------------------------------------------+-----
Unarmed Combat | 4 5 6 7 8 10 12 14 16 18 19 20 21 22 23 | 23.0
Dodging        | 4 5 6 |  6.4
Armour         | 3 4 6 8 10 12 13 14 15 16 17 | 17.3
Fighting       | 4 8 12 15 17 18 19 20 21 22 | 22.7
Throwing       | 1 2 |  2.0
Shields        | 4 8 11 12 14 16 17 18 | 18.6
Evocations     | |  0.8

Action                     |  1- 3 |  4- 6 |  7- 9 | 10-12 | 13-15 | 16-18 | 19-21 | 22-24 || total
---------------------------+-------+-------+-------+-------+-------+-------+-------+-------++-------
  Melee: Unarmed           |    94 |   153 |   230 |   497 |  1168 |  1112 |  1535 |   409 ||  5198
         Punch             |       |       |       |       |   140 |       |       |       ||   140
  Throw: Dart              |       |       |       |    15 |     6 |       |       |       ||    21
         Throwing net      |       |       |       |     1 |       |       |       |       ||     1
         Javelin           |       |       |       |       |     2 |     1 |     1 |     6 ||    10
 Invoke: Call Merchant     |       |       |       |     1 |     3 |     2 |     2 |       ||     8
  Evoke: Wand              |       |       |     5 |     9 |     3 |     4 |     5 |       ||    26
         Phantom mirror    |       |       |       |       |     1 |     3 |     1 |     1 ||     6
         Tin of tremorston |       |       |       |       |       |       |       |     2 ||     2
    Use: Scroll            |     3 |     5 |     6 |    16 |    11 |     7 |     5 |     5 ||    58
         Potion            |       |       |       |    10 |     3 |     5 |    14 |    10 ||    42
   Stab: Paralysed         |       |       |     3 |       |       |       |       |       ||     3
         Distracted        |       |       |       |     3 |    11 |    14 |    14 |     2 ||    44
         Petrified         |       |       |       |     1 |       |       |       |       ||     1
 Armour: Robe              |     4 |       |       |       |       |       |       |       ||     4
         Ring mail         |    13 |       |       |       |       |       |       |       ||    13
         Scale mail        |    10 |    40 |       |       |       |       |       |       ||    50
         Plate armour      |       |    22 |    98 |   182 |   457 |   419 |   663 |   198 ||  2039
         Chain mail        |       |       |       |    31 |    86 |       |       |       ||   117
  Dodge: Dodged            |    53 |    71 |    57 |   167 |   499 |   247 |   349 |   107 ||  1550
  Block: Kite shield       |       |       |       |     7 |    94 |   864 |  1409 |   376 ||  2750
         Other             |       |       |       |       |    19 |       |       |       ||    19
         Reflection        |       |       |       |       |     1 |    88 |    34 |     3 ||   126
